 Dungeon Crawl Stone Soup version 0.20.0-10-g0535bb4 (webtiles) character file.

414 Manul the Ducker (level 6, -2/33 HPs)
             Began as a Spriggan Abyssal Knight on June 3, 2017.
             Was a Believer of Lugonu.
             Killed by divine providence
             ... invoked by an orc priest
              (12 damage)
             ... on level 4 of the Dungeon.
             The game lasted 00:05:28 (6346 turns).

Manul the Ducker (Spriggan Abyssal Knight)          Turns: 6346, Time: 00:05:29

Health: -2/33      AC:  4    Str:  8    XL:     6   Next: 60%
Magic:  8/8        EV: 22    Int: 13    God:    Lugonu [**....]
Gold:   237        SH:  2    Dex: 18    Spells: 5/5 levels left

rFire    . . .     SeeInvis +   g - +1 dagger (flame)
rCold    . . .     Gourm    .   (shield restricted)
rNeg     . . .     Faith    .   b - +1 robe
rPois    .         Spirit   .   (helmet restricted)
rElec    .         Reflect  +   m - +0 cloak (curse)
rCorr    .         Harm     .   (gloves unavailable)
MR       +....                  (boots unavailable)
Stlth    +++.......             e - +2 amulet of reflection
Regen    0.2/turn               (no ring)
MPRegen  0.2/turn               (no ring)

@: very quick
A: unfitting armour, see invisible, herbivore 3, speed 3, slow metabolism 2
a: Depart the Abyss, Bend Space, Renounce Religion


You were on level 4 of the Dungeon.
You worshipped Lugonu.
Lugonu was pleased with you.
You were not hungry.

You visited 1 branch of the dungeon, and saw 4 of its levels.
You visited the Abyss 1 time.

You collected 237 gold pieces.

Inventory:

Hand Weapons
 a - a +1 short sword
 g - a +1 dagger of flaming (weapon)
 j - a +0 dagger of protection
 k - a +0 rapier
 l - a +2 quarterstaff of chaos
Armour
 b - a +1 robe (worn)
 m - a cursed +0 cloak (worn)
Jewellery
 e - a +2 amulet of reflection (around neck)
 s - an uncursed amulet of the gourmand {unknown}
Wands
 d - a wand of iceblast (4/15)
Scrolls
 h - a scroll of teleportation {unknown}
 i - a scroll of fear {unknown}
 p - a scroll of identify
Potions
 f - 2 potions of heal wounds {unknown}
 n - a potion of haste {unknown}
 o - 2 potions of curing {unknown}
 r - a potion of mutation {unknown}
 t - a potion of flight
Comestibles
 c - 4 bread rations
 q - 2 royal jellies
 u - a fruit


   Skills:
 + Level 3.8 Fighting
 + Level 4.9 Short Blades
 + Level 0.1 Staves
 + Level 6.1 Dodging
 + Level 3.4 Stealth
 + Level 1.7 Invocations


You had 5 spell levels left.
You didn't know any spells.

Dungeon Overview and Level Annotations

Branches:
Dungeon (4/15)
 Temple: D:4-7

Altars:
Uskayaw


Innate Abilities, Weirdness & Mutations

You are very small and have problems with some larger weapons.
You are too small for most types of armour.
You have supernaturally acute eyesight. (SInv)
You are a herbivore.
You cover ground extremely quickly.
You need consume almost no food.


Message History

The iguana bites you. The howler monkey misses you.
You barely miss the howler monkey.
The howler monkey is lightly wounded.
The orc wizard hits you with a dagger. The worker ant misses you.
The iguana bites you!
The howler monkey completely misses you.
You are too injured to fight recklessly!
You are too injured to fight recklessly!
Unknown command.
The orc priest looks encouraged for a moment.
The orc priest looks encouraged for a moment.
The worker ant waves its antennae.
The orc wizard casts a spell at you. The magic dart hits you!
The howler monkey hoots and howls with incredible vigour!
The orc wizard casts a spell.
The orc wizard flickers and vanishes for a moment.
The orc priest mumbles some strange prayers to Beogh against you.
Beogh smites you!
You die...

## #.........# ##......# ...
#.........# #...#####
#.##.........###..##
#............##..###
#................#
#...<............#
###..........##....#####...
#........................#.#
................@...#####.#.#
..........##...#.....#......# #
..#>........................#..
....................o..........
...........###.....al...........
.#......#.## #......s.h.........
..........# #........oo.......%
....#.#...####..................
................................


You could see a howler monkey, an iguana, a worker ant, an orc priest, an orc
wizard (invisible), an orc and a giant cockroach.

Vanquished Creatures
  An ogre (D:4)
  The ghost of Acryon the Stinger, an amateur DrVM of Hepliaklqana (D:3)
  Crazy Yiuf (D:3)
  A centaur skeleton (D:4)
  Ijyb (D:3)
  4 gnolls (D:2)
  5 adders
  An ooze (D:1)
  5 worms
  2 dart slugs (D:1)
  3 leopard geckos
  5 bats
  7 giant cockroaches
  6 goblins
  7 hobgoblins
  4 kobolds
  3 ball pythons
  6 frilled lizards
  9 rats
72 creatures vanquished.

Vanquished Creatures (others)
  A goblin (D:3)
  A quokka (D:3)
2 creatures vanquished.

Grand Total: 74 creatures vanquished

Notes
Turn   | Place    | Note
-------+----------+-------------------------------------------
     0 | Abyss:1  | Manul the Spriggan Abyssal Knight began the quest for the Orb.
     0 | Abyss:1  | Reached XP level 1. HP: 11/11 MP: 3/3
    78 | Abyss:2  | Found an opulent altar of Gozag.
    94 | Abyss:2  | Noticed a starcursed mass
   103 | Abyss:2  | Noticed an orange demon
   113 | Abyss:2  | Noticed a hell knight
   114 | Abyss:2  | Noticed a hell knight
   117 | Abyss:2  | Noticed a chaos spawn
   133 | Abyss:2  | Noticed a necromancer
   137 | Abyss:2  | Noticed a hell knight
   157 | Abyss:2  | Noticed a raiju
   159 | D:1      | Escaped the Abyss
   795 | D:1      | Reached XP level 2. HP: 16/16 MP: 4/4
  1052 | D:1      | Reached * piety under Lugonu
  1466 | D:1      | Reached XP level 3. HP: 14/20 MP: 5/5
  1809 | D:1      | Reached skill level 4 in Dodging
  2525 | D:2      | Reached skill level 1 in Stealth
  2525 | D:2      | Reached XP level 4. HP: 14/24 MP: 6/6
  4210 | D:3      | Noticed Ijyb
  4216 | D:3      | Noticed Acryon's ghost (amateur DrVM)
  4222 | D:3      | Killed Acryon's ghost
  4222 | D:3      | Reached skill level 5 in Dodging
  4222 | D:3      | Reached XP level 5. HP: 15/28 MP: 7/7
  4632 | D:3      | Killed Ijyb
  5056 | D:3      | Found a runed door.
  5056 | D:3      | Noticed Crazy Yiuf
  5058 | D:3      | Killed Crazy Yiuf
  5292 | D:3      | Reached XP level 6. HP: 33/33 MP: 8/8
  5476 | D:4      | Reached ** piety under Lugonu
  5958 | D:4      | Reached skill level 6 in Dodging
  6245 | D:4      | Found a hide-covered altar of Uskayaw.
  6346 | D:4      | Killed from afar by an orc priest

Skill      XL: |  1  2  3  4  5  6 |
---------------+-------------------+-----
Fighting       | 3 |  3.8
Dodging        | 4 5 6 |  6.1
Stealth        | 1 2 3 |  3.4
Short Blades   | 4 |  4.9
Staves         | |  0.1
Invocations    | |  1.7

Action                   |  1- 3 |  4- 6 || total
-------------------------+-------+-------++-------
Melee: Short sword       |    65 |       ||    65
       Dagger            |   133 |   247 ||   380
       Quarterstaff      |       |     5 ||     5
Invok: Depart the Abyss  |     1 |       ||     1
Evoke: Wand              |       |     3 ||     3
  Use: Scroll            |     3 |     2 ||     5
       Potion            |     1 |       ||     1
 Stab: Sleeping          |     2 |     6 ||     8
       Distracted        |       |     1 ||     1
  Eat: Bread ration      |       |     1 ||     1
Armor: Robe              |    26 |    17 ||    43
Dodge: Dodged            |   143 |   159 ||   302
Block: Other             |    12 |    15 ||    27
